 Dungeon Crawl Stone Soup version 0.30-a0-989-g0d87f670db (webtiles) character file.

Game seed: 4273097865355124876

563326 OrthodoxDeviant the Barachian Blade (level 26, 0/235 HPs)
             Began as a Barachi Fighter on Mar 31, 2023.
             Was an Elder of Zin.
             Shot with an arrow by a deep elf master archer (31 damage)
             ... created by the fury of Okawaru
             ... on level 4 of the Pits of Slime on Apr 2, 2023.
             The game lasted 05:43:43 (81564 turns).

OrthodoxDeviant the Barachian Blade (BaFi)         Turns: 81564, Time: 05:43:44

Health: 0/235      AC: 45    Str: 22    XL:     26   Next: 71%
Magic:  35/35      EV: 23    Int: 23    God:    Zin [****..]
Gold:   7111       SH: 17    Dex: 19    Spells: 25/25 levels left

rFire   + . .      SeeInvis .    i - +8 double sword (heavy)
rCold   . . .      Faith    .    P - +0 kite shield {reflect}
rNeg    + + .      Spirit   .    m - +9 plate armour "Duig" {rPois rCorr Int+3 Stlth-}
rPois   +          Reflect  +    V - +2 helmet "Qazxuo Guss" {Int+4 Slay+2}
rElec   .          Rampage  ∞    U - +2 cloak {rCorr}
rCorr   +          Clarity  +    q - +2 pair of gloves {Stlth+}
Will    +++++                    r - +3 pair of seven-league boots {Rampage+∞} Stlth
                                 L - amulet of the Four Winds {rN+ Will+++ Clar}
HPRegen 0.59/turn                Z - ring "Vulec" {rN+ Will+ Str+5}
MPRegen 0.24/turn                x - +5 ring of evasion

@: unable to hop, studying 2 skills, slow
A: amphibious, slowness 1, strong legs 2, +LOS, clever 1, fire resistance 1
}: 3/15 runes: serpentine, barnacled, silver
a: Hop, Renounce Religion, Recite, Vitalisation, Imprison, Donate Gold


You were on level 4 of the Pits of Slime.
You worshipped Zin.
Zin was greatly pleased with you.
You visited 11 branches of the dungeon, and saw 51 of its levels.
You also visited: Trove, Gauntlet, Ice Cave and Wizlab.

You collected 9450 gold pieces.
You spent 2273 gold pieces at shops.
You donated 66 gold pieces to Zin.

Inventory:

Hand Weapons
 a - the +7 long sword of Noobba {distort, Contam rPois rN+++ Str+3}
   (Okawaru gifted it to you on level 2 of the Snake Pit)

   Str:       It affects your strength (+3).
   rPois:     It protects you from poison.
   rN:        It renders you almost immune to negative energy.
   Contam:    It causes magical contamination when unequipped.
 i - a +8 heavy double sword (weapon)
 H - a +3 antimagic demon blade
 W - a +7 eudemon blade of holy wrath
Missiles
 b - 3 silver boomerangs (quivered)
 E - 2 throwing nets
 X - 8 boomerangs of dispersal
 Y - 16 silver javelins
Armour
 c - a scarf of resistance
 l - +0 gold dragon scales
 m - the +9 plate armour "Duig" (worn) {rPois rCorr Int+3 Stlth-}
   (You found it on level 3 of the Vaults)

   Int:       It affects your intelligence (+3).
   rPois:     It protects you from poison.
   rCorr:     It protects you from acid and corrosion.
   Stlth:     It makes you less stealthy.
 q - a +2 pair of gloves of stealth (worn)
 r - the +3 pair of seven-league boots (worn) {Rampage+∞}
   (You bought it in a shop on level 2 of the Orcish Mines)

   Rampage+∞: When moving toward enemies, its wearer moves as far as possible.
 t - a +1 kite shield of cold resistance
 y - the +1 ring mail "Ical" {rElec rF+}
   (Okawaru gifted it to you on level 2 of the Snake Pit)

   rF:        It protects you from fire.
   rElec:     It insulates you from electricity.
 A - the -1 pair of gloves of Lilacs {rC+ Will+ Str-5}
   (You took it off Nikola on level 1 of the Elven Halls)

   Str:       It affects your strength (-5).
   rC:        It protects you from cold.
   Will:      It increases your willpower.
 B - the +8 chain mail "Uzoimasch" {+Blink rPois rF+}
   (Okawaru gifted it to you on level 1 of the Orcish Mines)

   rF:        It protects you from fire.
   rPois:     It protects you from poison.
   +Blink:    It lets you blink.
 C - the +0 hat of Hopscotch {rN+ Str+3 Dex+2}
   (Okawaru gifted it to you on level 4 of the Lair of Beasts)

   Str:       It affects your strength (+3).
   Dex:       It affects your dexterity (+2).
   rN:        It protects you from negative energy.
 K - a +2 kite shield of positive energy
 N - the +7 fire dragon scales of the Several Yaks {rF++ rC- SInv Stlth+}
   (You took it off a deep elf blademaster on level 3 of the Elven Halls)

   rF:        It greatly protects you from fire.
   rC:        It makes you vulnerable to cold.
   SInv:      It lets you see invisible.
   Stlth:     It makes you more stealthy.
 P - a +0 kite shield of reflection (worn)
 T - the +6 crystal plate armour of Space {rC++}
   (Okawaru gifted it to you on level 4 of the Shoals)

   rC:        It greatly protects you from cold.
 U - a +2 cloak of preservation (worn)
 V - the +2 helmet "Qazxuo Guss" (worn) {Int+4 Slay+2}
   (You found it on level 3 of the Crypt)

   Int:       It affects your intelligence (+4).
   Slay:      It affects your accuracy & damage with ranged weapons and melee
   (+2).
Jewellery
 d - the amulet "Sitruc" {Reflect Fly rElec SH+5 Stlth-}
   (You took it off a deep elf zephyrmancer on level 3 of the Elven Halls)

   [amulet of reflection]

   It reflects blocked missile attacks.
   rElec:     It insulates you from electricity.
   Fly:       It grants you flight.
   SH:        It affects your SH (+5).
   Stlth:     It makes you less stealthy.
 x - a +5 ring of evasion (right hand)
 F - the ring of Johor {rF++ Str+6}
   (You bought it in a shop on level 3 of the Vaults)

   [ring of strength]

   Str:       It affects your strength (+6).
   rF:        It greatly protects you from fire.
 L - the amulet of the Four Winds (around neck) {rN+ Will+++ Clar}
   (You took it off a merfolk on level 4 of the Shoals)

   [amulet of nothing]

   rN:        It protects you from negative energy.
   Clar:      It protects you against confusion.
   Will:      It greatly increases your willpower.
 Z - the ring "Vulec" (left hand) {rN+ Will+ Str+5}
   (You found it in a Gauntlet)

   [ring of willpower]

   Str:       It affects your strength (+5).
   rN:        It protects you from negative energy.
   Will:      It increases your willpower.
Wands
 s - a wand of digging (2)
 G - a wand of polymorph (10)
 S - a wand of light (4)
Scrolls
 e - a scroll of brand weapon
 f - a scroll of blinking
 g - a scroll of fear
 o - 2 scrolls of enchant armour
 v - 2 scrolls of magic mapping
 w - 4 scrolls of silence
 M - 3 scrolls of teleportation
 Q - 11 scrolls of fog
Potions
 h - 7 potions of mutation
 j - a potion of magic
 k - 9 potions of flight
 n - a potion of heal wounds
 p - 20 potions of curing
 u - a potion of resistance
 D - 2 potions of haste
 I - 3 potions of cancellation
 J - 7 potions of might
Miscellaneous
 O - a phantom mirror


   Skills:
 * Level 25.1 Fighting
 * Level 25.1 Long Blades
 - Level 21.2 Armour
 - Level 20.4 Dodging
 - Level 21.3 Shields
 + Level 17.5 Invocations


You had 25 spell levels left.
You didn't know any spells.
Your spell library contained the following spells:

 Spells                   Type           Power      Damage    Failure   Level
 Freeze                   Ice            0%         1d3       77%         1
 Kiss of Death            Conj/Necr      0%         2d5       77%         1
 Magic Dart               Conj           0%         1d3       77%         1
 Sandblast                Erth           0%         2d4       77%         1
 Shock                    Conj/Air       0%         1d3       77%         1
 Call Imp                 Summ           0%         N/A       88%         2
 Cigotuvi's Dreadful Rot  Necr/Pois/Air  0%         N/A       88%         2
 Ensorcelled Hibernation  Hex/Ice        0%         N/A       88%         2
 Lesser Beckoning         Tloc           0%         N/A       88%         2
 Passwall                 Tmut/Erth      0%         N/A       88%         2
 Searing Ray              Conj           0%         2d4       88%         2
 Static Discharge         Conj/Air       0%         2-2/arc   88%         2
 Call Canine Familiar     Summ           0%         N/A       98%         3
 Confusing Touch          Hex            0%         N/A       98%         3
 Dazzling Flash           Conj/Hex       0%         N/A       98%         3
 Frozen Ramparts          Ice            0%         1d1       98%         3
 Gell's Gravitas          Tloc           0%         N/A       98%         3
 Hailstorm                Conj/Ice       0%         3d3       98%         3
 Inner Flame              Hex/Fire       0%         N/A       98%         3
 Mephitic Cloud           Conj/Pois/Air  0%         N/A       98%         3
 Ozocubu's Armour         Ice            0%         N/A       98%         3
 Portal Projectile        Hex/Tloc       0%         N/A       98%         3
 Spider Form              Tmut/Pois      0%         N/A       98%         3
 Stone Arrow              Conj/Erth      0%         3d7       98%         3
 Teleport Other           Tloc           0%         N/A       98%         3
 Vhi's Electric Charge    Tloc/Air       0%         N/A       98%         3
 Anguish                  Hex/Necr       0%         N/A       100%        4
 Animate Dead             Necr           0%         N/A       100%        4
 Cause Fear               Hex            0%         N/A       100%        4
 Dispel Undead            Necr           0%         3d6       100%        4
 Flame Wave               Conj/Fire      0%         2d4       100%        4
 Ice Form                 Ice/Tmut       0%         N/A       100%        4
 Leda's Liquefaction      Hex/Erth       0%         N/A       100%        4
 Olgreb's Toxic Radiance  Pois           0%         N/A       100%        4
 Petrify                  Tmut/Erth      0%         N/A       100%        4
 Sticky Flame             Conj/Fire      0%         2d3       100%        4
 Summon Ice Beast         Ice/Summ       0%         N/A       100%        4
 Summon Lightning Spire   Summ/Air       0%         N/A       100%        4
 Arcjolt                  Conj/Air       0%         1d10      100%        5
 Blade Hands              Tmut           0%         N/A       100%        5
 Borgnjor's Vile Clutch   Necr/Erth      0%         N/A       100%        5
 Irradiate                Conj/Tmut      0%         3d11      100%        5
 Metabolic Englaciation   Hex/Ice        0%         N/A       100%        5
 Plasma Beam              Fire/Air       0%         2x1d7     100%        5
 Yara's Violent Unravell  Hex/Tmut       0%         3d3       100%        5
 Death Channel            Necr           0%         N/A       100%        6
 Iron Shot                Conj/Erth      0%         9d1       100%        6
 Statue Form              Tmut/Erth      0%         N/A       100%        6
 Dragon Form              Tmut           0%         N/A       100%        7
 Enfeeble                 Hex            0%         N/A       100%        7
 Orb of Destruction       Conj           0%         9d5       100%        7
 Ozocubu's Refrigeration  Ice            0%         4d7       100%        7
 Storm Form               Tmut/Air       0%         N/A       100%        7
 Discord                  Hex            0%         N/A       100%        8
 Ignition                 Fire           0%         3d3       100%        8
 Polar Vortex             Ice            0%         N/A       100%        9


Dungeon Overview and Level Annotations

Branches:
Dungeon (15/15)            Temple (1/1) D:5            Lair (5/5) D:9
 Shoals (4/4) Lair:2        Snake (4/4) Lair:2        Slime (5/5) Lair:4
    Orc (2/2) D:11            Elf (3/3) Orc:2        Vaults (5/5) D:13
  Crypt (3/3) Vaults:3       Tomb (0/3) Crypt:3      Depths (4/4) D:15
    Zot (0/5) Depths:4      IceCv (visited)          WizLab (visited)
Gauntlet (visited)

Altars:
Ashenzari
Cheibriados
Dithmenos
Elyvilon
Fedhas
Gozag
Hepliaklqana
Kikubaaqudgha
Makhleb
Nemelex Xobeh
Okawaru
Qazlal
Ru
Sif Muna
Trog
Uskayaw
Vehumet
Wu Jian
Xom
Yredelemnul
Zin
The Shining One
Jiyva

Shops:
D:5 *   D:11 *   D:14 (   D:15 *   Orc:2 *[:[   Elf:1 [   Elf:3 [([
Vaults:2 ?   Vaults:3 =   Vaults:5 :

Portals:
Hell: Depths:1 Depths:2 Depths:3 Depths:4
Abyss: Depths:2 Depths:3 Depths:4
Pandemonium: Depths:2
Ziggurat: Depths:1

Annotations:
Shoals:1 3 runed translucent doors, Newt's ghost, journeyman DsGl
Snake:3 6 transporters
Elf:1 Roxanne
Vaults:3 2 runed translucent doors, Konionua's ghost, adept KoEn; Reyb's ghost, veteran DsGl
Depths:3 exclusion: downstairs


Innate Abilities, Weirdness & Mutations

You are amphibious.
You cover ground slowly.
You can hop long distances.
You have an extended range of vision and can be seen from far away.
Your mind is acute. (Int +4, Str/Dex -1)
Your flesh is heat resistant. (rF+)


Message History

You barely miss the fire giant.
Unknown command.
Unknown command.
Unknown command.
The frost giant attacks as you move away!
The frost giant hits you with a +2 battleaxe of freezing!
The frost giant freezes you. The stone giant closely misses you.
The fire giant misses you.
The deep elf master archer wields a +0 longbow.
The deep elf master archer shoots an arrow.
The arrow completely misses you.
The arrow hits the fire giant!!
The frost giant attacks as you move away!
You block the frost giant's attack.
Acid dripping from the walls corrodes you.
The stone giant hits you but does no damage.
Unknown command.
You miss the deep elf master archer.
The deep elf blademaster barely misses you. x2
The deep elf master archer shoots an arrow.
The arrow misses you. The stone giant hits you!!
* * * LOW HITPOINT WARNING * * *
The frost giant gestures at you while chanting.
The bolt of cold hits you!!
* * * LOW HITPOINT WARNING * * *
The deep elf master archer shoots an arrow.
You reflect the arrow off your +0 kite shield of reflection!
The arrow hits the deep elf master archer!!!
The deep elf blademaster closely misses you.
The deep elf blademaster hits you but does no damage.
Unknown command.
Blink to where?
Press: ? - help, Dir - move target
As you read the scroll of blinking, it crumbles to dust.
The deep elf master archer shoots an arrow.
You reflect the arrow off your +0 kite shield of reflection!
The arrow completely misses the deep elf master archer.
The arrow hits the frost giant!!!
The deep elf master archer shoots an arrow.
The arrow hits you!!
You die...

##...####.........####.#.....###.
#....###...#.......##.........# #
##..###...##.......###.#.....##
#### ##.####.......#.......##
##.## ##.####.Ce..#........#
##...# #...#..§CC.###..###.##
#....###.......eC.......####
......###................##
..<.............@.........#
.........................##
.....................#.###
.#...#..............####
...................#.###
#............>.........##
...............#........#
#......................##
......<................##


You could see a deep elf blademaster, a frost giant, 2 fire giants, a stone
giant and a deep elf master archer.

Vanquished Creatures
  the Royal Jelly (Slime:5)
  A dread lich (Vaults:5)
  An ancient lich (Vaults:5)
  Mara (Vaults:4)
  The ghost of Neiqej the Conqueror, a legendary FoFi of Hepliaklqana (Crypt:1)
  Boris (twice) (Vaults:4 Vaults:3)
  Margery (Depths:3)
  Vashnia (Snake:4)
  2 caustic shrikes
  Nikola (Elf:1)
  Jory (Vaults:5)
  A profane servitor (Crypt:3)
  7 golden dragons
  2 bone dragons
  Jorgrun (Orc:1)
  Asterion (Elf:1)
  4 liches
  7 tentacled monstrosities
  16 titans
  3 walking frostbound tomes
  4 quicksilver dragons
  5 deep elf master archers
  6 deep elf blademasters
  A walking divine tome (Depths:2)
  A quicksilver dragon (shapeshifter) (Vaults:5)
  6 ancient champions
  19 acid blobs
  Gastronok (Lair:2)
  A strange machine (WizLab)
  11 shadow dragons
  5 storm dragons (Vaults:5)
  10 tengu reavers
  16 fire giants
  5 azure jellies
  10 nagarajas (Snake:4)
  9 rockslimes
  A daeva (Depths:1)
  17 frost giants
  3 curse skulls (Crypt:2)
  An iron dragon (Depths:3)
  11 deep elf sorcerers
  An angel (Depths:1)
  15 vault wardens
  2 juggernaut zombies (Crypt:3)
  A balrug (Depths:3)
  4 ghouls (Crypt:2)
  A draconian shifter (Depths:4)
  4 deep elf elementalists (Elf:3)
  9 quicksilver oozes
  3 war gargoyles
  A reaper (Depths:3)
  A caustic shrike skeleton (Crypt:2)
  3 spriggan defenders
  13 ironbound preservers
  24 very ugly things
  A draconian annihilator (Depths:3)
  4 ironbound thunderhulks
  21 stone giants
  19 vampire knights
  3 white draconians
  10 deep elf demonologists
  3 dire elephants (Vaults:1)
  4 spark wasps
  A minotaur (Gauntlet)
  A black draconian (Depths:4)
  2 green draconians
  2 yellow draconians
  6 deep elf annihilators
  2 purple draconians
  6 eidola
  A quicksilver dragon zombie (Crypt:3)
  2 pearl dragon zombies (Crypt:3)
  10 ettins
  An entropy weaver (Vaults:5)
  8 fire dragons
  4 merfolk javelineers
  A crystal guardian (Vaults:4)
  8 deep elf death magi (Elf:3)
  11 jiangshi
  6 merfolk impalers
  Fannar (Lair:1)
  Josephine (D:12)
  11 yaktaur captains
  5 deep elf high priests
  11 great orbs of eyes
  31 vault guards
  2 spriggan zombies
  3 ice dragons (Depths:3)
  3 hydras
  A fenstrider witch zombie (Crypt:2)
  Erolcha (Orc:1)
  A spriggan skeleton (Crypt:2)
  12 rakshasas
  The ghost of Brigand the Destroyer, a journeyman DERe of Vehumet (Lair:2)
  5 ironbound frosthearts
  6 ogre magi
  A boulder beetle (shapeshifter) (Depths:3)
  5 death knights
  4 anacondas
  4 centaur warriors
  3 catoblepae
  A peacekeeper (Vaults:4)
  3 spriggan air magi
  A jorogumo (shapeshifter) (Vaults:5)
  5 alligator snapping turtles
  7 boulder beetles
  21 two-headed ogres
  5 deep troll earth magi
  35 dancing weapons
  17 naga warriors
  13 vampire magi
  10 deep troll shamans
  A satyr (Shoals:4)
  2 fenstrider witch skeletons (Crypt:1)
  5 tengu warriors
  5 merfolk aquamancers
  6 death yaks
  7 spriggans
  2 soul eaters
  3 hell hogs (Crypt:3)
  20 naga sharpshooters
  A storm dragon zombie (Crypt:3)
  9 iron trolls
  4 spriggan berserkers
  6 shock serpents
  17 hell knights
  A fire crab (Gauntlet)
  2 salamander mystics
  24 sea snakes
  6 skysharks
  33 deep elf knights
  A goliath frog (Lair:5)
  52 deep trolls
  20 skeletal warriors
  A spectral death yak (Gauntlet)
  A bunyip zombie (Crypt:3)
  21 deep elf archers
  2 glowing orange brains (Depths:3)
  7 naga ritualists
  An orb spider (shapeshifter) (Vaults:5)
  4 flayed ghosts
  3 orange crystal statues (IceCv)
  4 wizards
  38 deep elf zephyrmancers
  37 deep elf pyromancers
  19 harpies
  An iron dragon zombie (Crypt:3)
  11 phantasmal warriors
  7 lindwurms
  12 mana vipers
  Pikel (D:9)
  A harpy (shapeshifter) (Vaults:5)
  An anaconda skeleton (Crypt:1)
  3 orc knights
  19 ironbound convokers
  9 necromancers
  A frost giant zombie (Depths:3)
  A shining eye (shapeshifter) (Elf:1)
  2 mana vipers (shapeshifter)
  43 ugly things
  2 sphinx skeletons (Depths:3)
  19 fauns
  An orc sorcerer (Orc:1)
  3 shining eyes
  A human zombie (Vaults:2)
  An oklob plant (Snake:1)
  2 stone giant zombies
  12 salamanders
  17 manticores
  An elf zombie (Vaults:2)
  A centaur zombie (Crypt:3)
  9 cyclopes
  2 demonic crawlers (Elf:3)
  6 merfolk sirens
  6 elephants (Lair:5)
  4 apis skeletons (Crypt:3)
  9 guardian serpents
  A dire elephant zombie (Crypt:3)
  19 vault sentinels
  A stone giant skeleton (Crypt:3)
  A torpor snail (Lair:5)
  12 naga magi
  A smoke demon (Gauntlet)
  4 water nymphs
  35 black mambas
  3 gargoyles
  Joseph (D:7)
  4 eyes of devastation
  20 cane toads
  A grey draconian zombie (Crypt:3)
  A rime drake (Lair:2)
  26 yaktaurs
  An unseen horror (D:12)
  A yaktaur zombie (Vaults:2)
  8 komodo dragons
  An unseen horror (shapeshifter) (Elf:1)
  A bunyip simulacrum (Crypt:1)
  A kobold demonologist (Depths:3)
  2 tengu conjurers
  An efreet (D:15)
  7 freezing wraiths
  An alligator snapping turtle skeleton (Crypt:3)
  A red devil (Gauntlet)
  8 trolls
  5 harpy zombies
  6 meliai
  A queen bee (Lair:4)
  15 merfolk
  A tyrant leech (Lair:5)
  A troll (shapeshifter) (Elf:1)
  A tarantella (shapeshifter) (Vaults:5)
  10 wind drakes
  A wind drake (shapeshifter) (Vaults:5)
  2 mana viper skeletons
  8 hornets
  16 blink frogs
  A raiju (shapeshifter) (D:14)
  12 snapping turtles
  16 dream sheep
  A harpy skeleton (Crypt:2)
  A hydra skeleton (Crypt:2)
  An ettin zombie (Crypt:3)
  A slime creature (shapeshifter) (Vaults:5)
  2 ettin skeletons
  A fire dragon skeleton (Crypt:1)
  2 alligator skeletons
  21 vampires
  50 yaks
  3 wyverns
  126 slime creatures
  15 water elementals
  3 air elementals
  12 wraiths
  2 basilisks
  4 fire bats (Gauntlet)
  4 shadows
  Grum (Lair:1)
  Eustachio (D:5)
  3 fire elementals
  8 vampire mosquitoes
  6 golden eyes
  A steam dragon (Lair:3)
  44 nagas
  4 wargs
  2 acid dragons
  11 water moccasins
  A merfolk zombie (Crypt:2)
  A hydra simulacrum (Crypt:2)
  4 black bears
  A demonspawn skeleton (Crypt:3)
  A black bear (shapeshifter) (D:13)
  2 ice beasts
  2 sky beasts (D:7)
  Duvessa (D:6)
  23 orc warriors
  4 great orb of eyes simulacra (IceCv)
  An ice beast (shapeshifter) (Vaults:5)
  A manticore zombie (Crypt:2)
  25 ogres
  16 centaurs
  10 wolves
  4 lemures (D:9)
  4 slime creature simulacra (IceCv)
  4 kobold brigands
  17 bullfrogs
  6 scorpions
  7 glowing shapeshifter simulacra (IceCv)
  3 gnoll sergeants
  3 necrophages (Crypt:2)
  A salamander skeleton (Crypt:1)
  An earth elemental (Elf:1)
  26 wights
  33 killer bees
  Dowan (D:6)
  2 human simulacra
  A yak skeleton (Crypt:3)
  3 howler monkeys (D:10)
  7 electric eels
  3 crimson imps (Gauntlet)
  3 lava snakes (Lair:2)
  A hound (D:5)
  15 jellies
  A gnoll bouda (D:10)
  15 orc priests
  A scorpion zombie (Crypt:3)
  5 iguanas
  23 orc wizards
  Robin (D:2)
  27 gnolls
  11 adders
  A swamp drake zombie (Crypt:3)
  2 white imps
  2 worms (D:4)
  2 dart slugs
  79 orcs
  3 bats
  A bat zombie (Crypt:2)
  7 endoplasms
  5 giant cockroaches
  17 goblins
  3 hobgoblins
  A quokka (D:15)
  8 ball pythons
  A dart slug zombie (Crypt:1)
  3 frilled lizards
  19 kobolds
  An orc skeleton (Crypt:2)
  4 rats
2290 creatures vanquished.

Vanquished Creatures (others)
  A rakshasa (WizLab)
  A naga warrior (Snake:4)
  2 deep elf knights
  A wizard (Vaults:4)
  A deep elf pyromancer (Elf:3)
  3 slime creatures
  A vampire (D:13)
  2 orcs (Orc:2)
  A bush (Lair:4)
  56 fungi
  308 plants
377 creatures vanquished.

Grand Total: 2667 creatures vanquished

Notes
Turn   | Place    | Note
-------+----------+-------------------------------------------
     0 | D:1      | OrthodoxDeviant the Barachi Fighter began the quest for the
                  | Orb.
     0 | D:1      | Reached XP level 1. HP: 18/18 MP: 1/1
   103 | D:1      | Reached XP level 2. HP: 15/25 MP: 2/2
   601 | D:1      | Reached XP level 3. HP: 29/31 MP: 3/3
   731 | D:2      | Noticed Robin
  1299 | D:2      | Reached XP level 4. HP: 38/38 MP: 4/4
  1309 | D:2      | Killed Robin
  1413 | D:2      | Reached skill level 5 in Fighting
  1896 | D:3      | Found a snail-covered altar of Cheibriados.
  2122 | D:3      | Found an opulent altar of Gozag.
  2147 | D:3      | Found a radiant altar of Vehumet.
  2316 | D:3      | Reached XP level 5. HP: 44/44 MP: 5/5
  2656 | D:4      | Noticed a black bear
  2736 | D:4      | Reached skill level 5 in Long Blades
  2882 | D:4      | Reached XP level 6. HP: 45/52 MP: 6/6
  3170 | D:4      | Killed a black bear
  3228 | D:5      | Entered Level 5 of the Dungeon
  3240 | D:5      | Reached XP level 7. HP: 39/60 MP: 7/7
  3444 | D:5      | Found Huoshrehe's Neck Hole.
  3699 | D:5      | Noticed Eustachio
  3706 | D:5      | Killed Eustachio
  3721 | D:5      | Found a staircase to the Ecumenical Temple.
  3729 | Temple   | Entered the Ecumenical Temple
  3871 | D:5      | Found a glowing golden altar of the Shining One.
  4025 | D:5      | Found an iron altar of Okawaru.
  4104 | D:5      | Reached XP level 8. HP: 67/69 MP: 8/8
  4241 | D:5      | Found a glowing silver altar of Zin.
  4647 | D:6      | Found a sparkling altar of Nemelex Xobeh.
  4655 | D:6      | Found a burning altar of Makhleb.
  4858 | D:5      | Became a worshipper of Warmaster Okawaru
  4943 | D:5      | Reached skill level 1 in Invocations
  4971 | D:6      | Gained mutation: Your system is resistant to poisons.
                  | (rPois) [potion of mutation]
  4971 | D:6      | Gained mutation: You have a pair of small horns on your
                  | head. [potion of mutation]
  4971 | D:6      | Gained mutation: You occasionally lose the ability to read
                  | scrolls when taking damage. [potion of mutation]
  5790 | D:6      | Noticed Duvessa
  5790 | D:6      | Noticed Dowan
  5796 | D:6      | Killed Dowan
  5802 | D:6      | Killed Duvessa
  5803 | D:6      | Reached XP level 9. HP: 25/78 MP: 9/11
  6018 | D:7      | Noticed a white ugly thing
  6057 | D:7      | Noticed Joseph
  6195 | D:7      | Killed Joseph
  6196 | D:7      | Reached skill level 10 in Fighting
  6318 | D:7      | Reached * piety under Okawaru
  6424 | D:7      | Killed a white ugly thing
  6425 | D:7      | Reached skill level 10 in Long Blades
  6634 | D:7      | Noticed a hornet
  6997 | D:7      | Killed a hornet
  6997 | D:7      | Reached ** piety under Okawaru
  7091 | D:7      | Reached skill level 5 in Invocations
  7091 | D:7      | Reached XP level 10. HP: 49/87 MP: 13/13
  7618 | D:8      | Reached *** piety under Okawaru
  7745 | D:5      | Bought a +2 cloak for 231 gold pieces
  8769 | D:9      | Noticed Pikel
  8970 | D:9      | Found a bloodstained altar of Trog.
  9011 | D:9      | Reached skill level 5 in Armour
  9013 | D:9      | Reached XP level 11. HP: 75/96 MP: 15/15
  9112 | D:8      | Reached skill level 5 in Shields
  9311 | D:9      | Found a staircase to the Lair.
  9538 | D:9      | Found a hide-covered altar of Uskayaw.
  9889 | D:9      | Killed Pikel
 10015 | D:10     | Entered Level 10 of the Dungeon
 10032 | Lair:1   | Entered Level 1 of the Lair of Beasts
 10044 | D:10     | Noticed a two-headed ogre
 10133 | D:10     | Reached **** piety under Okawaru
 10376 | D:10     | Killed a two-headed ogre
 10713 | D:10     | Received a gift from Okawaru
 11066 | D:10     | Identified a scroll of acquirement
 11068 | D:10     | Acquired 1011 gold pieces
 11187 | D:11     | Reached ***** piety under Okawaru
 11434 | D:11     | Found a staircase to the Orcish Mines.
 11614 | D:11     | Found Yvvacur's Gadget Gallery.
 12591 | D:11     | Reached XP level 12. HP: 100/105 MP: 16/16
 12922 | D:12     | Received a gift from Okawaru
 13024 | D:12     | Found a gate leading to a gauntlet.
 13034 | Gauntlet | Entered a Gauntlet
 13034 | Gauntlet | Noticed a great orb of eyes
 13034 | Gauntlet | Found a transporter.
 13034 | Gauntlet | Found a transporter.
 13034 | Gauntlet | Found a transporter.
 13178 | Gauntlet | Found a transporter.
 13180 | Gauntlet | Found a transporter.
 13182 | Gauntlet | Noticed a death scarab
 13182 | Gauntlet | Noticed a dire elephant
 13190 | Gauntlet | Found a transporter.
 13197 | Gauntlet | Found a transporter.
 13198 | Gauntlet | Found a transporter.
 13204 | Gauntlet | Found a transporter.
 13217 | Gauntlet | Found a transporter.
 13241 | Gauntlet | Found a transporter.
 13266 | Gauntlet | Found a transporter.
 13680 | Gauntlet | Noticed a minotaur
 13694 | Gauntlet | Killed a minotaur
 13699 | Gauntlet | Identified the ring "Vulec" {rN+ Will+ Str+5}
 14393 | D:12     | Noticed a centaur warrior
 14407 | D:12     | Killed a centaur warrior
 14513 | D:12     | Found a hazy altar of Hepliaklqana.
 14793 | D:12     | Noticed a centaur warrior
 14807 | D:12     | Killed a centaur warrior
 15160 | D:12     | Noticed a boulder beetle
 15700 | D:12     | Killed a boulder beetle
 15982 | Lair:1   | Noticed a boulder beetle
 16017 | Lair:1   | Killed a boulder beetle
 16018 | Lair:1   | Gained mutation: You can hop long distances. [Barachi
                  | growth]
 16018 | Lair:1   | Reached XP level 13. HP: 103/114 MP: 17/17
 16077 | Lair:1   | Reached skill level 10 in Armour
 16232 | Lair:1   | Noticed Fannar
 16235 | Lair:1   | Reached skill level 15 in Fighting
 16250 | Lair:1   | Killed Fannar
 16338 | Lair:1   | Noticed Grum
 16354 | Lair:1   | Killed Grum
 16497 | Lair:1   | Reached skill level 15 in Long Blades
 16916 | Lair:2   | Noticed Gastronok
 16932 | Lair:2   | Killed Gastronok
 16932 | Lair:2   | Identified the +2 hat of Greed {Dex+2} (Okawaru gifted it
                  | to you on level 2 of the Lair of Beasts)
 16932 | Lair:2   | Received a gift from Okawaru
 17187 | Lair:2   | Found a staircase to the Snake Pit.
 17305 | Lair:2   | Found a runed translucent door.
 17306 | Lair:2   | Noticed Brigand's ghost (journeyman DERe)
 17608 | Lair:2   | Found a staircase to the Shoals.
 17627 | Lair:2   | Reached skill level 10 in Shields
 19554 | Lair:4   | Found a viscous altar of Jiyva.
 19554 | Lair:4   | Found a staircase to the Slime Pits.
 19570 | Lair:4   | Received a gift from Okawaru
 20661 | Lair:4   | Reached XP level 14. HP: 108/125 MP: 18/18
 20679 | Lair:4   | Reached skill level 1 in Dodging
 21290 | Lair:4   | Identified the +3 leather armour "Jeibruj" {Dex+2}
 21390 | Lair:4   | Identified the +0 hat of Hopscotch {rN+ Str+3 Dex+2}
                  | (Okawaru gifted it to you on level 4 of the Lair of Beasts)
 21390 | Lair:4   | Received a gift from Okawaru
 21592 | Lair:5   | Entered Level 5 of the Lair of Beasts
 22867 | Lair:5   | Reached skill level 5 in Dodging
 22946 | Lair:5   | Identified the +0 pair of boots "Hueg" {Regen+} (Okawaru
                  | gifted it to you on level 5 of the Lair of Beasts)
 22946 | Lair:5   | Received a gift from Okawaru
 23279 | Lair:5   | Reached ****** piety under Okawaru
 23638 | Lair:5   | Identified the +7 dagger "Hydrabane" {vamp, Int+2}
 24314 | D:13     | Noticed Josephine
 24324 | D:12     | Killed Josephine
 24371 | D:13     | Reached XP level 15. HP: 122/134 MP: 19/19
 24823 | D:13     | Received a gift from Okawaru
 25221 | D:13     | Found a gate to the Vaults.
 25793 | D:14     | Found Senuj's Antique Weapon Emporium.
 26058 | D:14     | Found a runed translucent door.
 26059 | D:14     | Noticed a tengu reaver
 26072 | D:14     | Noticed a tengu reaver
 26308 | Orc:1    | Entered Level 1 of the Orcish Mines
 26346 | Orc:1    | Received a gift from Okawaru
 26663 | Orc:1    | Noticed Erolcha
 26667 | Orc:1    | Killed Erolcha
 26748 | Orc:2    | Entered Level 2 of the Orcish Mines
 26931 | Orc:1    | Identified the +8 chain mail "Uzoimasch" {+Blink rPois rF+}
                  | (Okawaru gifted it to you on level 1 of the Orcish Mines)
 26931 | Orc:1    | Received a gift from Okawaru
 27005 | Orc:2    | Paralysed by an ogre mage for 5 turns
 27008 | Orc:2    | Noticed Jorgrun
 27170 | Orc:2    | Paralysed by an ogre mage for 5 turns
 27181 | Orc:1    | Killed Jorgrun
 27207 | Orc:2    | Found Pius's General Store.
 27207 | Orc:2    | Found Juimm's Armour Shop.
 27208 | Orc:2    | Found Fuoqokhla's Book Shop.
 27208 | Orc:2    | Found Duapt's Armour Shoppe.
 27333 | Orc:2    | Reached XP level 16. HP: 145/145 MP: 20/20
 27361 | Orc:2    | Bought the +3 pair of seven-league boots {Rampage+∞} for
                  | 600 gold pieces
 27361 | Orc:2    | Found the +3 pair of seven-league boots {Rampage+∞}
 27362 | Orc:2    | Bought a potion of curing for 33 gold pieces
 27362 | Orc:2    | Bought a scroll of identify for 22 gold pieces
 27362 | Orc:2    | Bought a scroll of teleportation for 33 gold pieces
 27362 | Orc:2    | Bought a scroll of fear for 44 gold pieces
 27486 | Orc:2    | Found a staircase to the Elven Halls.
 28122 | D:14     | Killed a tengu reaver
 28187 | D:14     | Killed a tengu reaver
 28341 | D:15     | Entered Level 15 of the Dungeon
 28388 | D:15     | Found Tyestrew's General Store.
 28407 | D:15     | Bought a scroll of fear for 68 gold pieces
 28407 | D:15     | Bought a potion of mutation for 136 gold pieces
 28518 | D:15     | Reached skill level 10 in Dodging
 28559 | D:15     | Found a white marble altar of Elyvilon.
 28643 | D:15     | Received a gift from Okawaru
 29045 | D:15     | Found a shimmering blue altar of Sif Muna.
 29220 | D:15     | Found a staircase to the Depths.
 29479 | Shoals:1 | Entered Level 1 of the Shoals
 29623 | Snake:1  | Entered Level 1 of the Snake Pit
 29860 | Snake:1  | Found a broken altar of Ashenzari.
 30376 | Snake:1  | Received a gift from Okawaru
 30993 | Snake:2  | Identified the +7 long sword of Noobba {distort, Contam
                  | rPois rN+++ Str+3} (Okawaru gifted it to you on level 2 of
                  | the Snake Pit)
 30993 | Snake:2  | Received a gift from Okawaru
 31321 | Snake:1  | Reached XP level 17. HP: 151/155 MP: 23/23
 31417 | Snake:2  | Identified the +4 arbalest "Ydgha" {drain, rF+ rCorr Dex+2
                  | SInv}
 31895 | Snake:2  | Identified the +1 ring mail "Ical" {rElec rF+} (Okawaru
                  | gifted it to you on level 2 of the Snake Pit)
 31895 | Snake:2  | Received a gift from Okawaru
 32990 | Snake:3  | Found a transporter.
 32993 | Snake:3  | Found a transporter.
 33495 | Snake:3  | Found a transporter.
 33499 | Snake:3  | Found a transporter.
 33573 | Snake:3  | Received a gift from Okawaru
 33633 | Snake:3  | Found a transporter.
 33638 | Snake:3  | Found a transporter.
 33984 | Snake:4  | Entered Level 4 of the Snake Pit
 35695 | Shoals:1 | Found a runed translucent gate.
 35695 | Shoals:1 | Found a runed translucent gate.
 35695 | Shoals:1 | Found a runed translucent gate.
 35701 | Shoals:1 | Noticed Newt's ghost (journeyman DsGl)
 36182 | Shoals:2 | Reached XP level 18. HP: 162/162 MP: 25/25
 36237 | Shoals:2 | Received a gift from Okawaru
 36527 | Shoals:2 | Reached skill level 15 in Armour
 36527 | Shoals:2 | Reached skill level 10 in Invocations
 37366 | Shoals:3 | Identified the +1 ring mail "Xaif" {rC++ Int+7 Dex-5}
 37600 | Shoals:3 | Identified the +5 long sword of Courage {holy, rC+ Int+3}
                  | (Okawaru gifted it to you on level 3 of the Shoals)
 37600 | Shoals:3 | Received a gift from Okawaru
 37949 | Shoals:4 | Entered Level 4 of the Shoals
 38116 | Shoals:4 | Reached skill level 15 in Dodging
 38640 | Shoals:3 | Received a gift from Okawaru
 39225 | Shoals:4 | Identified the +6 crystal plate armour of Space {rC++}
                  | (Okawaru gifted it to you on level 4 of the Shoals)
 39225 | Shoals:4 | Received a gift from Okawaru
 39523 | Shoals:4 | Got a barnacled rune of Zot
 39930 | Snake:1  | Upgraded the game from 0.30-a0-972-gf3ab3527aa to
                  | 0.30-a0-986-g7f2e898f52
 40056 | Snake:4  | Noticed Vashnia
 40087 | Snake:4  | Killed Vashnia
 40322 | Snake:4  | Reached XP level 19. HP: 112/172 MP: 24/26
 42172 | Snake:4  | Got a serpentine rune of Zot
 42465 | Elf:1    | Entered Level 1 of the Elven Halls
 42672 | Elf:1    | Identified Roxanne's Elucidation of Changing
 42672 | Elf:1    | Noticed Roxanne
 42688 | Elf:1    | Found Uttaox's Antique Armour Emporium.
 42722 | Elf:1    | Bought a jewelled scale mail for 324 gold pieces
 42722 | Elf:1    | Identified the +1 scale mail of Wudaetuu {Dex+3} (You
                  | bought it in a shop on level 1 of the Elven Halls)
 42785 | Elf:1    | Paralysed by an air elemental for 1 turns
 43275 | Elf:1    | Found a stormy altar of Qazlal.
 43349 | Elf:1    | Received a gift from Okawaru
 43750 | Elf:1    | Noticed Asterion
 43774 | Elf:1    | Killed Asterion
 44098 | Elf:1    | Identified the -1 pair of gloves of Lilacs {rC+ Will+
                  | Str-5}
 44098 | Elf:1    | Noticed Nikola
 44183 | Elf:1    | Killed Nikola
 44362 | Elf:1    | Acquired a +2 double sword of electrocution
 44839 | Elf:2    | Found a runed translucent gate.
 44840 | Elf:2    | Found a runed translucent gate.
 44840 | Elf:2    | Found a runed translucent gate.
 44889 | Arena    | Entered the Arena
 45618 | Elf:2    | Reached XP level 20. HP: 158/182 MP: 27/27
 45863 | Elf:2    | Identified the +6 scale mail "Rodavoy" {Regen+} (Okawaru
                  | gifted it to you on level 2 of the Elven Halls)
 45863 | Elf:2    | Received a gift from Okawaru
 45882 | Elf:2    | Reached skill level 15 in Shields
 46741 | Elf:3    | Entered Level 3 of the Elven Halls
 46777 | Elf:3    | Found a frozen archway.
 46791 | IceCv    | Entered an ice cave
 47426 | IceCv    | Found a viscous altar of Jiyva.
 47532 | IceCv    | Got the ring "Ecoicapa" {Ice Will+ Int+5 Slay-5}
 47540 | IceCv    | Identified the +6 ice dragon scales "Lorud" {rPois rF-
                  | rC++}
 48201 | Elf:3    | Paralysed by an air elemental for 1 turns
 48204 | Elf:3    | Paralysed by an air elemental for 1 turns
 48359 | Elf:3    | Found Peotiuh's Antique Armour Shop.
 48373 | Elf:3    | Found Yrafaphe's Armour Shop.
 48415 | Elf:3    | Found Subekk's Antique Weapon Boutique.
 48444 | Elf:3    | Identified the +9 mace "Gegaptov" {freeze, Will+ rCorr
                  | Int+5}
 48783 | Elf:3    | Identified the +4 scale mail of the Garden {rPois rC+}
 49465 | Elf:3    | Identified the +7 fire dragon scales of the Several Yaks
                  | {rF++ rC- SInv Stlth+}
 49602 | Elf:3    | Identified the +1 rapier of Sicsank {venom, rF+ rN+ Str-3
                  | Int+6}
 49608 | Elf:3    | Identified the +2 ice dragon scales of Entitlement {rF-
                  | rC++ rN+}
 49840 | Elf:3    | Identified the +6 broad axe "Giant's Death" {heavy,
                  | *Corrode rC+ Dex+3}
 49840 | Elf:3    | Identified the amulet "Sitruc" {Reflect Fly rElec SH+5
                  | Stlth-}
 49851 | Elf:3    | Identified the +6 glaive "Pendulum" {drain, *Corrode rPois
                  | Dex+2}
 49853 | Elf:3    | Noticed a Tzitzimitl
 49861 | Elf:3    | Noticed a Brimstone Fiend
 50705 | Elf:3    | Received a gift from Okawaru
 50842 | Elf:3    | Identified the +3 arbalest of Hevama {flame, rElec rPois
                  | rN+}
 50843 | Elf:3    | Identified the +3 helmet of Submission {+Inv Int+2}
 51157 | Lair:2   | Killed Brigand's ghost
 51286 | Vaults:1 | Entered Level 1 of the Vaults
 51494 | Vaults:1 | Reached XP level 21. HP: 189/189 MP: 31/31
 51616 | Vaults:1 | Identified the +0 robe of Precision Catastrophes {rC+}
 51926 | Vaults:1 | Identified the +3 falchion of Turmoil {flame, rPois rC-
                  | Dex+2}
 52255 | Vaults:1 | Reached skill level 15 in Invocations
 52595 | Vaults:2 | Identified the +1 leather armour of the Spider Nest {Will+
                  | Dex+2}
 52663 | Vaults:2 | Found a portal to a secret trove of treasure.
 52672 | Vaults:2 | You paid a toll of 12 scrolls of teleportation to enter a
                  | treasure trove
 52673 | Trove    | Entered a treasure trove
 52675 | Trove    | Found a bloodstained altar of Trog.
 52702 | Trove    | Found the +9 sword of Zonguldrok {reap}
 52708 | Trove    | Identified the +1 short sword "Dydierph" {antimagic, rN++}
 52726 | Trove    | Found the +12 glaive of Prune {freeze, Prune}
 52734 | Trove    | Identified the +3 demon blade "Tustre Xulo" {venom, rCorr}
 53527 | Vaults:2 | Found Qeplin's Magic Scroll Shoppe.
 53533 | Vaults:2 | Bought a scroll of fog for 56 gold pieces
 54531 | Vaults:3 | Identified the +3 great sword of Defilement {flame, rElec}
                  | (Okawaru gifted it to you on level 3 of the Vaults)
 54531 | Vaults:3 | Received a gift from Okawaru
 54864 | Vaults:3 | Noticed a bone dragon
 54876 | Vaults:3 | Killed a bone dragon
 54877 | Vaults:3 | Found a staircase to the Crypt.
 54930 | Vaults:3 | Identified the +9 plate armour "Duig" {rPois rCorr Int+3
                  | Stlth-}
 55447 | Arena    | Entered the Arena
 55673 | Vaults:2 | Lost mutation: You occasionally lose the ability to read
                  | scrolls when taking damage. [potion of mutation]
 55673 | Vaults:2 | Lost mutation: Your system is resistant to poisons. (rPois)
                  | [potion of mutation]
 55673 | Vaults:2 | Lost mutation: You have a pair of small horns on your head.
                  | [potion of mutation]
 55673 | Vaults:2 | Gained mutation: Your flesh is heat resistant. (rF+)
                  | [potion of mutation]
 55673 | Vaults:2 | Gained mutation: Your mind is acute. (Int +4, Str/Dex -1)
                  | [potion of mutation]
 55970 | Vaults:3 | Found a large runed translucent door.
 55970 | Vaults:3 | Found a large runed translucent door.
 55970 | Vaults:3 | Noticed Reyb's ghost (veteran DsGl)
 55970 | Vaults:3 | Noticed Konionua's ghost (adept KoEn)
 56029 | Vaults:3 | Reached XP level 22. HP: 180/201 MP: 33/33
 56172 | Vaults:3 | Received a gift from Okawaru
 56201 | Vaults:3 | Found Lutwim's Jewellery Emporium.
 56210 | Vaults:3 | Bought the ring of Johor {rF++ Str+6} for 726 gold pieces
 56588 | Vaults:4 | Found a magical portal.
 56611 | WizLab   | Entered Tukima's Studio
 57087 | WizLab   | Noticed OrthodoxDeviant's illusion
 58613 | Depths:1 | Entered Level 1 of the Depths
 58928 | Depths:1 | Found a one-way gateway to a ziggurat.
 59007 | Depths:1 | Found a gateway to Hell.
 59020 | Depths:1 | Received a gift from Okawaru
 59436 | Depths:1 | Identified the +3 ring mail "Urutis" {Int+2}
 59657 | Depths:1 | Received a gift from Okawaru
 60447 | Depths:2 | Found a one-way gate leading to the halls of Pandemonium.
 61147 | Depths:2 | Found a one-way gate to the infinite horrors of the Abyss.
 61827 | Depths:2 | Reached XP level 23. HP: 209/209 MP: 34/34
 61859 | Depths:2 | Noticed a golden dragon
 61876 | Depths:2 | Killed a golden dragon
 61891 | Depths:2 | Noticed a golden dragon
 61912 | Depths:2 | Killed a golden dragon
 62047 | Depths:2 | Noticed a golden dragon
 62055 | Depths:2 | Killed a golden dragon
 62185 | Depths:2 | Identified the +0 helmet "Xemn" {*Corrode rPois rN+}
                  | (Okawaru gifted it to you on level 2 of the Depths)
 62185 | Depths:2 | Received a gift from Okawaru
 62365 | Depths:2 | Identified the +1 chain mail of Grottiness {Regen+ Str+2}
 62368 | Depths:2 | Identified the +1 dagger of the Middle {drain, Int+3}
 62547 | Depths:3 | Noticed a caustic shrike
 62559 | Depths:3 | Killed a caustic shrike
 62697 | Depths:3 | Noticed Margery
 63301 | Depths:3 | Noticed a golden dragon
 63315 | Depths:3 | Killed a golden dragon
 63961 | Depths:3 | Killed Margery
 64418 | Depths:3 | Noticed a caustic shrike
 64427 | Depths:2 | Killed a caustic shrike
 65054 | Depths:3 | Found a glowing silver altar of Zin.
 65465 | Depths:4 | Entered Level 4 of the Depths
 67095 | Depths:4 | Reached XP level 24. HP: 165/217 MP: 35/35
 68012 | Depths:4 | Found a gate to the Realm of Zot.
 68428 | Vaults:5 | Entered Level 5 of the Vaults
 68452 | Vaults:5 | Identified the +1 ring mail of the Barracuda {Dex+3 Stlth+}
                  | (Okawaru gifted it to you on level 5 of the Vaults)
 68452 | Vaults:5 | Received a gift from Okawaru
 68475 | Vaults:5 | Identified the +4 war axe "Pendulum" {drain, +Blink rPois}
 68531 | Vaults:5 | Noticed a dread lich
 68544 | Vaults:5 | Noticed an ancient lich
 68561 | Vaults:5 | Killed an ancient lich
 68616 | Vaults:5 | Killed a dread lich
 69144 | Vaults:5 | Identified the +9 sling of Hairy Resourcefulness {elec,
                  | Str-2 Int+3 Dex+4}
 69244 | Vaults:5 | Identified the ring "Moki" {rC- MP+9 Int+8}
 69746 | Vaults:4 | Reached XP level 25. HP: 151/223 MP: 35/35
 70526 | Vaults:4 | Upgraded the game from 0.30-a0-986-g7f2e898f52 to
                  | 0.30-a0-989-g0d87f670db
 70538 | Vaults:5 | Noticed Boris
 70556 | Vaults:4 | Killed Boris
 70682 | Vaults:5 | Noticed Mara
 70685 | Vaults:5 | Noticed OrthodoxDeviant's illusion
 70686 | Vaults:5 | Noticed Jory
 70700 | Vaults:4 | Killed Mara
 70769 | Vaults:5 | Killed Jory
 70864 | Vaults:5 | Found Secweloure's Book Shop.
 70876 | Vaults:5 | Got the Octavo of the Remoulded Cumulonimbus
 71422 | Vaults:5 | Identified the staff of poison "Hoaxu" {*Slow rPois Str+4
                  | Int+3 Stlth+}
 71427 | Vaults:5 | Got a silver rune of Zot
 71852 | Vaults:5 | Identified the staff of cold "Horupoas" {rC+ Int+3}
 72413 | D:5      | Fell from the grace of Okawaru
 72413 | D:5      | Became a worshipper of the Shining One
 72691 | Crypt:1  | Entered Level 1 of the Crypt
 72691 | Crypt:1  | Noticed Boris
 72712 | Vaults:3 | Killed Boris
 72772 | Crypt:1  | Reached * piety under the Shining One
 72872 | Crypt:1  | Reached ** piety under the Shining One
 72909 | Crypt:1  | Noticed Neiqej's ghost (legendary FoFi)
 72947 | Crypt:1  | Found a runed translucent door.
 73194 | Crypt:1  | Got the Encyclopedia of Sciomancy and Trauma
 73260 | Crypt:1  | Reached *** piety under the Shining One
 73520 | Crypt:1  | Reached **** piety under the Shining One
 73897 | Crypt:1  | Killed Neiqej's ghost
 73919 | Crypt:1  | Got Vuomot's Monograph on Earth
 73980 | Crypt:2  | Reached ***** piety under the Shining One
 74386 | Crypt:2  | Found the +12 pair of quick blades "Gyre" and "Gimble"
                  | {protect}
 74901 | Crypt:2  | Acquired a +1 triple sword of holy wrath
 75303 | Crypt:3  | Entered Level 3 of the Crypt
 75362 | Crypt:3  | Reached ****** piety under the Shining One
 75404 | Crypt:2  | Identified a +7 eudemon blade of holy wrath (a +5 spectral
                  | demon blade blessed by the Shining One)
 75404 | Crypt:2  | Received a gift from the Shining One
 75443 | Crypt:3  | Found a staircase to the Tomb.
 75651 | Crypt:3  | Reached XP level 26. HP: 231/231 MP: 35/35
 76863 | Crypt:3  | Found a basalt altar of Yredelemnul.
 77054 | Crypt:3  | Found the +7 sceptre of Torment {pain, torment}
 77323 | Crypt:3  | Identified the +2 helmet "Qazxuo Guss" {Int+4 Slay+2}
 77329 | Crypt:3  | Got the Textbook on the Crevasse and Fulmination
 77688 | Depths:3 | Fell from the grace of the Shining One
 77688 | Depths:3 | Became a worshipper of Zin the Law-Giver
 77688 | Depths:3 | Reached * piety under Zin
 77688 | Depths:3 | Reached ** piety under Zin
 77688 | Depths:3 | Reached *** piety under Zin
 77688 | Depths:3 | Reached **** piety under Zin
 77688 | Depths:3 | Reached ***** piety under Zin
 77989 | Slime:1  | Entered Level 1 of the Pits of Slime
 78413 | Slime:5  | Entered Level 5 of the Pits of Slime
 78463 | Slime:5  | Noticed the Royal Jelly
 81421 | Slime:5  | Found a viscous altar of Jiyva.
 81471 | Slime:5  | Killed the Royal Jelly
 81564 | Slime:4  | Shot with an arrow by a deep elf master archer

Illustrated notes

Levels and vault maps discovered:
D:1:      minmay_arrival_diagonal_passages, layout_basic
D:2:      layout_loops_cross, uniq_robin
D:3:      layout_loops_ring, vehumet_crystals, grunt_gozag_statues,
          mainiacjoe_overflow_paths
D:4:      layout_rooms
D:5:      layout_loops_ring, general_overflow_altar,
          mainiacjoe_overflow_chevrons, nicolae_overflow_hidden_temple,
          minmay_temple_entry_mist, nicolae_shop_sticking_my_neck_out,
          uniq_eustachio
D:6:      layout_gridville, mainiacjoe_overflow_big_doors, uniq_duvessa
D:7:      layout_rooms, skrybe_limestone_x, kennysheep_big_empty_room,
          uniq_joseph
D:8:      layout_basic, minmay_misc_feat_square
D:9:      layout_rooms, trog_butcher_becter, nicolae_uskayaw_dance_hall,
          erik_lair_orcish_takeover, roderic_roman_lattice, uniq_pikel
D:10:     layout_long_grid
D:11:     layout_basic, minmay_orc_entry_temple_large, nicolae_shop_gadgets
D:12:     layout_grid_maze, serial_glass, glass_columns_b, glass_columns_b,
          gauntlet_entry_generic, nicolae_hepliaklqana_hazy_memory
D:13:     layout_irregular_city, david_vaults_1, uniq_josephine
D:14:     nicolae_hitomezashi [nicolae_hito_row, nicolae_hito_row,
          nicolae_hito_row, nicolae_hito_row, nicolae_hito_row,
          nicolae_hito_row, nicolae_hito_row, nicolae_hito_row,
          nicolae_hito_row, nicolae_hito_row, nicolae_hito_row,
          nicolae_hito_row, nicolae_hito_row, nicolae_hito_row,
          nicolae_hito_row, nicolae_hito_row, nicolae_hito_row,
          nicolae_hito_row], layout_long_grid, serial_shops, nicolae_shop_trees,
          minivault_13
D:15:     gammafunk_enter_depths_forms, layout_rooms, elyvilon_altar_4,
          serial_shops, shop, tgw_sif
Temple:   nicolae_temple_ecumenical_triangle
Lair:1:   layout_misc_corridors, uniq_fannar, uniq_grum
Lair:2:   layout_misc_corridors, minmay_shoals_entry_centaurs,
          nicolae_snake_entry_warm_welcome, ebering_ghost_inner_flame,
          infiniplex_staircase_pool, uniq_gastronok
Lair:3:   layout_regular_city
Lair:4:   layout_roguey [special_room_bee], minmay_slime_entry_jelly_boxes
Lair:5:   minmay_lair_end_frog_pond, layout_cave_pods, fungi_pond_lemuel,
          st_stairs_10
Shoals:1: layout_shoals, gammafunk_ghost_necromancy
Shoals:2: layout_shoals
Shoals:3: layout_shoals
Shoals:4: shoals_end_grunt_garden, layout_shoals
Snake:1:  layout_gridlike, lemuel_oklob_altar, nicolae_integral_box
Snake:2:  nicolae_snake_shooting_gallery, layout_rooms, guppyfry_snake_island
Snake:3:  layout_cave_town, serial_nicolae_subway, nicolae_sub_station_metal,
          nicolae_sub_station_crystal, nicolae_sub_station_stone,
          grunt_megastairs_5
Snake:4:  grunt_snake_rune_pools, layout_basic, uniq_vashnia
Slime:1:  layout_caves
Slime:2:  layout_caves
Slime:3:  layout_caves, nicolae_slime_barrier
Slime:4:  layout_caves
Slime:5
Orc:1:    layout_caves, uniq_erolcha
Orc:2:    st_orc_ogre_mass, layout_caves, mines1_david, uniq_jorgrun
Elf:1:    layout_geoelf_diagonals, serial_shops, shop, minivault_28,
          nicolae_elf_altarnating, uniq_asterion, uniq_nikola, uniq_roxanne
Elf:2:    nicolae_elf_blades_crystal_corner, layout_geoelf_grid
Elf:3:    grunt_elf_hall_diamonds, layout_gridlike,
          portal_ice_cave_entry_pillars_four, einodemon_crawler_minivault,
          minmay_shop_star
Vaults:1: vaults_room_semicircle, ontoclasm_vaults_hangar,
          nicolae_vaults_little_squares_5, ontoclasm_vaults_fault,
          vaults_room_grid, vaults_dpeg_diagonal,
          nicolae_vaults_yaktaur_gun_rack, hangedman_vaults_corner_blocks,
          nicolae_vaults_alarming, serial_ice_g, layout_vaults_quadrants
Vaults:2: v_pattern_1, hangedman_vaults_locks, vaults_dpeg_ring,
          ontoclasm_vaults_decontamination, v_rooms_3, v_alt_pattern_6,
          grunt_vaults_hallway_short, ontoclasm_vaults_ring_square,
          nicolae_vaults_little_ls, hangedman_vaults_slice,
          nicolae_vaults_windows_and_doors_thing, layout_vaults_omnicross,
          enter_trove_1, serial_shops, shop
Vaults:3: advil_vaults_ghost_guards, vaults_mumra_lcd,
          hangedman_vaults_stitches, kb_rosetta, v_misc_12,
          hangedman_vaults_maws, nicolae_vaults_circle_grid_b,
          minmay_crypt_entry_nasty_monster, v_misc_3, v_misc_16, v_misc_13,
          vaults_room_hallway, hangedman_vaults_restitches, v_misc_5,
          vaults_dpeg_emergency_exit, layout_vaults_omnibox, serial_shops, shop
Vaults:4: lightli_enter_wizlab_magi_temple, hangedman_vaults_unwind, v_misc_11,
          st_spiral_rooms, ontoclasm_vaults_gateway, v_rooms_4,
          nicolae_vaults_little_squares_1, v_alt_pattern_3, layout_vaults_ring
Vaults:5: serial_shops, uniq_mara, uniq_boris, uniq_jory
Crypt:1:  layout_basic, hellmonk_ghost_big_iron, minmay_misc_feat_alley,
          minmay_misc_feat_five
Crypt:2:  layout_gridlike, ebering_dispersal_statue_hall, fountainhead
Crypt:3:  due_elkab, layout_chaotic_city, hangedman_blasphemy
Depths:1: layout_basic, enter_ziggurat_c, minmay_misc_feat_rows, hell_entry,
          serial_bayou_lagoon_b
Depths:2: minmay_nine_rooms, layout_basic, hangedman_abyss_entry_splay,
          grunt_pan_entry_zigzag, hangedman_abyss_or_decor_passed,
          grunt_metal_band
Depths:3: minmay_the_grid_four_pointed_star_mashed
          [minmay_the_grid_triangle_9x9_windchime,
          minmay_the_grid_triangle_9x9_semitri,
          minmay_the_grid_triangle_9x9_wacky_v,
          minmay_the_grid_triangle_9x9_odd_lines,
          minmay_the_grid_prize_inner_circle], layout_cave_pools,
          serial_bayou_pond_e, marbit_kobold_abyss_entry,
          pf_dread_powers_of_hell, zin_angel, uniq_margery
Depths:4: grunt_zot_entry_alcove, layout_cave_pools, abyss_entry, hell_entry

Skill      XL: |  1  2  3  4  5  6  7  8  9 10 11 12 13 14 15 16 17 18 19 20 21 22 23 24 25 26 |
---------------+-------------------------------------------------------------------------------+-----
Fighting       | 4 5 6 7 8 9 11 12 13 14 16 17 18 20 21 22 23 24 25 | 25.1
Long Blades    | 3 4 5 6 7 9 10 12 13 14 15 17 18 20 21 22 23 24 25 | 25.1
Invocations    | 2 5 6 8 9 10 14 15 16 17 | 17.5
Armour         | 5 7 9 11 12 14 15 17 19 21 | 21.2
Shields        | 4 7 9 10 14 15 16 21 | 21.3
Dodging        | 6 9 10 13 15 16 18 20 | 20.4

Action                     |  1- 3 |  4- 6 |  7- 9 | 10-12 | 13-15 | 16-18 | 19-21 | 22-24 | 25-27 || total
---------------------------+-------+-------+-------+-------+-------+-------+-------+-------+-------++-------
  Melee: Long sword        |   119 |   125 |   195 |       |       |       |       |       |       ||   439
         Headbutt          |       |       |    27 |   182 |   296 |   413 |   466 |       |       ||  1384
         Unarmed           |       |       |     3 |       |       |       |       |       |       ||     3
         Scimitar          |       |       |    19 |   688 |  1159 |   127 |       |       |       ||  1993
         Short sword       |       |       |       |       |     7 |       |       |       |       ||     7
         Double sword      |       |       |       |       |       |  1354 |  1639 |  1303 |  1095 ||  5391
         Demon blade       |       |       |       |       |       |       |    29 |   116 |       ||   145
         Eudemon blade     |       |       |       |       |       |       |       |     6 |   335 ||   341
  Throw: Dart              |       |       |     2 |     3 |       |       |       |       |       ||     5
         Boomerang         |       |       |       |    53 |    17 |       |       |    28 |       ||    98
         Javelin           |       |       |       |     8 |     9 |       |     5 |       |       ||    22
 Invoke: Heroism           |       |       |     1 |    18 |    17 |    12 |    17 |    21 |     4 ||    90
         Finesse           |       |       |       |       |       |       |     2 |     7 |       ||     9
         Duel              |       |       |       |       |       |       |     2 |       |       ||     2
         Divine Shield     |       |       |       |       |       |       |       |       |     4 ||     4
         Cleansing Flame   |       |       |       |       |       |       |       |       |     1 ||     1
         Brand Weapon With |       |       |       |       |       |       |       |       |     1 ||     1
         Recite            |       |       |       |       |       |       |       |       |     1 ||     1
         Vitalisation      |       |       |       |       |       |       |       |       |     1 ||     1
Ability: Hop               |     1 |     1 |     2 |     5 |     8 |     5 |     7 |    10 |    12 ||    51
  Evoke: Wand              |       |       |    32 |    31 |    17 |     9 |     5 |     1 |       ||    95
    Use: Scroll            |       |     6 |     6 |     8 |     7 |     8 |    16 |    10 |     7 ||    68
         Potion            |       |     1 |     9 |     2 |     3 |     4 |     9 |    16 |     2 ||    46
   Stab: Confused          |       |       |     1 |       |       |       |     1 |       |       ||     2
         Paralysed         |       |       |     2 |     2 |       |       |       |       |       ||     4
         Invisible         |       |       |       |       |     1 |     2 |     3 |     9 |       ||    15
         Distracted        |       |       |       |       |       |       |       |     4 |       ||     4
 Armour: Scale mail        |    64 |    58 |    85 |   329 |   460 |       |       |       |       ||   996
         Skin              |       |       |    27 |       |       |     1 |       |       |       ||    28
         Ring mail         |       |       |       |    11 |   108 |     2 |     3 |       |       ||   124
         Chain mail        |       |       |       |       |    61 |   538 |   470 |       |       ||  1069
         Crystal plate arm |       |       |       |       |       |       |    47 |       |       ||    47
         Plate armour      |       |       |       |       |       |       |     8 |   570 |   524 ||  1102
  Dodge: Dodged            |    68 |    34 |   109 |   263 |   708 |   592 |   726 |  1014 |  1005 ||  4519
  Block: Buckler           |    31 |    27 |    55 |   218 |   330 |       |       |       |       ||   661
         Kite shield       |       |       |       |       |   315 |   867 |   846 |  1048 |  1205 ||  4281
         Reflection        |       |       |       |       |       |       |    24 |    68 |    50 ||   142

Table legend: (Time is in decaauts)
 A = Elapsed time spent in this place.
 B = Non-inter-level travel time spent in this place.
 C = Inter-level travel time spent in this place.
 D = Time resting spent in this place.
 E = Time spent auto-exploring this place.
 F = Levels seen in this place.
 G = Mean time per level.
                   A        B        C        D        E       F      G
               +--------+--------+--------+--------+--------+-----+--------+
         Total |  89587 |  78219 |  11368 |  20374 |  37216 |  57 | 1571.7 |
       Dungeon |  22503 |  17719 |   4784 |   1877 |  11893 |  15 | 1500.2 |
        Temple |     55 |     36 |     19 |      0 |     22 |   1 |   55.0 |
          Lair |   9757 |   8560 |   1197 |   2196 |   4624 |   5 | 1951.4 |
        Shoals |   5293 |   4876 |    417 |    921 |   2627 |   4 | 1323.2 |
     Snake Pit |   8429 |   7644 |    785 |   2953 |   2579 |   4 | 2107.2 |
    Slime Pits |   3890 |   3706 |    184 |   1566 |   1237 |   5 |  778.0 |
  Orcish Mines |   1977 |   1678 |    299 |    182 |    918 |   2 |  988.5 |
   Elven Halls |   7555 |   7079 |    476 |   2190 |   2842 |   3 | 2518.3 |
        Vaults |  11956 |  10288 |   1668 |   2379 |   5280 |   5 | 2391.2 |
         Crypt |   4954 |   4549 |    405 |   1213 |   1771 |   3 | 1651.3 |
        Depths |  10615 |   9484 |   1131 |   4274 |   2715 |   4 | 2653.8 |
         Trove |    103 |    103 |      0 |      0 |      0 |   1 |  103.0 |
      Ice Cave |    892 |    892 |      0 |    236 |    170 |   1 |  892.0 |
        Wizlab |    606 |    606 |      0 |    163 |     62 |   1 |  606.0 |
      Gauntlet |    949 |    949 |      0 |    195 |    470 |   1 |  949.0 |
         Arena |     46 |     46 |      0 |     25 |      0 |   2 |   23.0 |
               +--------+--------+--------+--------+--------+-----+--------+

Top non-repeatable levels by time:
Depths:2: 3935 daAuts
Depths:3: 3546 daAuts
   Elf:3: 3520 daAuts
 Snake:4: 3075 daAuts
    D:12: 2934 daAuts
Vaults:4: 2932 daAuts
  Lair:4: 2701 daAuts
Vaults:5: 2525 daAuts
Vaults:3: 2461 daAuts
Vaults:2: 2398 daAuts
    D:11: 2179 daAuts
   Elf:1: 2035 daAuts
  Lair:3: 2034 daAuts
   Elf:2: 1999 daAuts
  Lair:2: 1997 daAuts
